 Dungeon Crawl Stone Soup version 0.31.0-9-g3a7656b989 (webtiles) character file.

Game seed: 1436787705905203656

32445 puimuR the Cleaver (level 13, -2/145 HPs)
             Began as an Oni Artificer on Jan 31, 2024.
             Was a High Priest of Okawaru.
             Incinerated by a deep elf pyromancer (9 damage)
             ... with a pyre arrow
             ... in a volcano.
             The game lasted 01:33:31 (11493 turns).

puimuR the Cleaver (Oni Artificer)                 Turns: 11493, Time: 01:33:31

Health: -2/145     AC: 10    Str: 21    XL:     13   Next: 64%
Magic:  17/17      EV: 11    Int: 12    God:    Okawaru [*****.]
Gold:   1520       SH: 16    Dex: 11    Spells: 5/17 levels left

rFire   . . .        O - +0 demon whip (venom)
rCold   + . .        T - +0 kite shield
rNeg    . . .        a - +0 troll leather armour
rPois   .            K - +0 hat
rElec   .            Y - +0 cloak
rCorr   .            (gloves unavailable)
SInv    .            (boots unavailable)
Will    +....        F - amulet of reflection
Stlth   +            x - +4 ring of protection
HPRegen 1.24/turn    U - ring of protection from cold
MPRegen 0.15/turn

%: reflection
@: on fire, heroic, glowing
A: large, unfitting armour, horns 1, tough skin 1, double potion healing,
drunken brawling
a: Renounce Religion, Heroism, Finesse, Duel


You were in a volcano.
You worshipped Okawaru.
Okawaru was extremely pleased with you.
You visited 3 branches of the dungeon, and saw 16 of its levels.
You also visited: Volcano.

You collected 1520 gold pieces.

Inventory:

Hand Weapons
 y - a +0 war axe of flaming
 O - a +0 demon whip of venom (weapon)
 Z - the +9 hammer of Ointment {elec, Dex+4}
   (You found it on level 5 of the Dungeon)

   Dex+4:     It affects your dexterity (+4).
Missiles
 b - 3 datura-tipped darts
 d - 2 boomerangs
 w - 12 large rocks (quivered)
 B - 9 poisoned darts
Armour
 a - a +0 troll leather armour (worn)
 K - a +0 hat (worn)
 T - a +0 kite shield (worn)
 Y - a +0 cloak (worn)
Magical Staves
 s - a staff of conjuration
Jewellery
 g - a ring of positive energy
 i - an amulet of guardian spirit
 x - a +4 ring of protection (left hand)
 F - an amulet of reflection (around neck)
 H - a ring of wizardry
 R - the amulet "Warreyd" {Acrobat rElec rN+ Str+3}
   (You found it on level 6 of the Dungeon)

   [amulet of the acrobat]

   Acrobat:   It increases your evasion while moving and waiting.
   Str+3:     It affects your strength (+3).
   rElec:     It insulates you from electricity.
   rN+:       It protects you from negative energy.
 U - a ring of protection from cold (right hand)
Talismans
 M - a maw talisman
Wands
 c - a wand of flame (14)
 e - a wand of iceblast (14)
 o - a wand of mindburst (7)
 W - a wand of paralysis (11)
Scrolls
 k - a scroll of torment
 p - 2 scrolls of fog
 r - 2 scrolls of poison
 u - 2 scrolls of immolation
 v - a scroll of vulnerability
 D - 3 scrolls of revelation
 G - 2 scrolls of enchant weapon
 Q - 2 scrolls of teleportation {unknown}
 V - a scroll of brand weapon
 X - a scroll of fear {unknown}
Potions
 f - 2 potions of lignification
 h - a potion of degeneration {unknown}
 j - 3 potions of resistance {unknown}
 m - 2 potions of enlightenment
 n - a potion of ambrosia
 q - a potion of cancellation {unknown}
 z - 3 potions of heal wounds {unknown}
 A - 2 potions of might {unknown}
 C - a potion of mutation {unknown}
 E - 2 potions of magic {unknown}
 I - a potion of haste {unknown}
 J - a potion of brilliance {unknown}
 N - 5 potions of curing
 S - a potion of berserk rage {unknown}


   Skills:
 - Level 13.7(18.7) Fighting
 + Level 14.0(19.2) Axes
 - Level 4.0(14.9) Maces & Flails
 - Level 5.2(10.2) Throwing
 - Level 3.1(8.1) Armour
 - Level 4.0(9.0) Dodging
 - Level 0.6(5.6) Stealth
 - Level 5.0(10.0) Shields
 - Level 2.9 Spellcasting
 - Level 6.6 Conjurations
 - Level 6.0 Summonings
 + Level 3.7 Invocations
 - Level 2.4 Evocations


You had 5 spell levels left.
You knew the following spells:

 Your Spells              Type           Power      Damage    Failure   Level
a - Magic Dart            Conj           68%        1d6       3%          1
b - Call Canine Familiar  Summ           16%        N/A       13%         3
c - Passwall              Erth           1%         N/A       85%         3
d - Ensorcelled Hibernat  Hex/Ice        2%         N/A       63%         2
e - Stone Arrow           Conj/Erth      18%        3d8       38%         3

Your spell library contained the following spells:

 Spells                   Type           Power      Damage    Failure   Level
 Searing Ray              Conj           34%        2d5       5%          2
 Shock                    Conj/Air       36%        1d5       14%         1
 Hailstorm                Conj/Ice       9%         3d6       38%         3
 Freeze                   Ice            4%         1d3       47%         1
 Sublimation of Blood     Necr           1%         N/A       63%         2
 Iskenderun's Battlesphe  Conj           17%        2d7       67%         5
 Fulminant Prism          Conj/Alch      4%         3d5       80%         4
 Frozen Ramparts          Ice            2%         1d1       85%         3
 Ozocubu's Armour         Ice            1%         N/A       85%         3
 Sigil of Binding         Hex            1%         N/A       85%         3
 Swiftness                Air            1%         N/A       85%         3
 Irradiate                Conj/Alch      4%         3d13      98%         5
 Dimensional Bullseye     Hex/Tloc       0%         N/A       99%         4
 Petrify                  Alch/Erth      1%         N/A       99%         4
 Lee's Rapid Deconstruct  Erth           0%         3d4*      100%        5
 Metabolic Englaciation   Hex/Ice        0%         N/A       100%        5
 Bombard                  Conj/Erth      4%         9d2       100%        6
 Animate Armour           Summ/Erth      Unusable   N/A       N/A         4
 Summon Lightning Spire   Summ/Air       Unusable   N/A       N/A         4
 Sculpt Simulacrum        Ice/Alch       Unusable   N/A       N/A         6
 Spellforged Servitor     Conj/Summ      Unusable   N/A       N/A         7

Dungeon Overview and Level Annotations

Branches:
Dungeon (13/15)            Temple (1/1) D:7            Lair (0/5) D:11
    Orc (2/2) D:12            Elf (0/3) Orc:2        Vaults (0/5) D:13
Volcano (1/1)

Altars:
Ashenzari
Cheibriados
Dithmenos
Elyvilon
Fedhas
Gozag
Hepliaklqana
Kikubaaqudgha
Makhleb
Nemelex Xobeh
Okawaru
Qazlal
Ru
Sif Muna
Trog
Uskayaw
Vehumet
Wu Jian
Xom
Yredelemnul
Zin
The Shining One

Shops:
D:6 :   D:12 ?   D:13 !

Annotations:
D:5 2 transporters
D:6 exclusion: downstairs
D:8 exclusion: downstairs, Gastronok
D:10 exclusion: downstairs


Innate Abilities, Weirdness & Mutations

You are too large for most types of armour.
You have a pair of small horns on your head.
You have tough skin. (AC +1)
You gain doubled healing and magic from potions.
Whenever you drink a healing potion, you attack all around you.


Message History

The liquid fire burns you!
You block the fire elemental's attack. x2; The fire elemental hits you.
The fire elemental burns you!
The deep elf pyromancer casts a spell at you.
The bolt of fire hits you!!
* * * LOW HITPOINT WARNING * * *
The fire elemental hits you. The fire elemental burns you!
* * * LOW HITPOINT WARNING * * *
Blink to where?
Press: ? - help, Dir - move target, p - deep elf pyromancer
As you read the scroll of blinking, it crumbles to dust.
The liquid fire burns you!
* * * LOW HITPOINT WARNING * * *
The deep elf pyromancer gestures at you while chanting.
The pyre arrow hits you.
You are even more covered in intense liquid fire!
Okay, then.
You savour every drop.
You feel better. The liquid fire burns you!
* * * LOW HITPOINT WARNING * * *
The deep elf pyromancer points at you and mumbles some strange words.
You block the pyre arrow... and reflect it back!
The pyre arrow hits the deep elf pyromancer.
Unknown command.
Aiming: Iceblast
Press: ? - help, Shift-Dir - straight line, f - fire elemental
Aim: a fire elemental (summoned)
The mass of ice explodes!
The iceblast engulfs the fire elemental!
The fire elemental is frozen!
The fire elemental is moderately damaged.
The iceblast engulfs the fire elemental!
The fire elemental is frozen!
The fire elemental is moderately damaged.
The iceblast engulfs the deep elf pyromancer!
You kill the deep elf pyromancer!
Okawaru accepts your kill.
The fire elemental disappears in a puff of smoke! x2
The liquid fire burns you!
You die...

# # ##≈ ≈##
#≈≈####≈§#
##≈≈#∩∩#§≈#
#§§##..##§≈#
##§§#(@..#≈≈#
#§≈##'#####≈§#
##§≈#..# .#§ #
#≈≈##)§# ..##
##≈≈#.☼##.§..#
#≈≈##.○#.....#
##§≈#...#......
#≈≈##○.##+####+
##≈≈#)..# ...#


There were no monsters in sight!

Vanquished Creatures
  Josephine (D:13)
  3 hydras (D:13)
  6 vault guards
  2 centaur warriors (D:13)
  3 two-headed ogres
  Amaemon (D:9)
  Lodul (D:11)
  3 deep elf pyromancers (Volcano)
  2 ugly things (D:12)
  2 manticores
  An orc sorcerer (Orc:1)
  2 cyclopes
  An orange demon (D:9)
  2 gargoyles (D:11)
  3 unseen horrors
  4 trolls
  A hornet (D:9)
  Prince Ribbit (D:8)
  Grinder (D:5)
  8 slime creatures
  2 vampires
  A shadow (D:11)
  37 yaks
  9 wraiths
  A wyvern (D:9)
  A ynoxinul (D:8)
  Grum (D:9)
  2 fire elementals (Volcano)
  2 wargs
  6 vampire mosquitoes
  Menkaure (D:6)
  2 acid dragons
  2 hell hounds (Volcano)
  An ice beast (D:8)
  6 orc warriors
  A sky beast (D:7)
  8 ogres (D:11)
  3 centaurs (D:8)
  3 wolves
  A phantom (D:7)
  3 necrophages (D:5)
  5 scorpions
  3 bullfrogs
  A gnoll sergeant (D:9)
  A water moccasin skeleton (D:5)
  2 troll zombies (D:12)
  7 howler monkeys
  2 jellies
  A human zombie (D:5)
  4 hounds
  Crazy Yiuf (D:5)
  A bombardier beetle (D:5)
  12 orc priests
  2 bullfrog skeletons (D:5)
  2 centaur skeletons (D:5)
  2 iguanas
  2 sleepcaps
  Ijyb (D:5)
  17 orc wizards
  6 ogre zombies (D:12)
  A howler monkey zombie (D:5)
  8 adders
  4 gnolls (D:9)
  6 shadow imps
  2 white imps
  An ufetubus (D:6)
  4 ribbon worms
  A dart slug (D:1)
  57 orcs
  6 endoplasms
  4 giant cockroaches
  3 gnoll zombies (D:12)
  4 goblins
  3 hobgoblins
  A kobold (D:1)
  6 quokkas
  9 ball pythons
  5 bats
  4 frilled lizards
  6 gnoll skeletons (D:12)
  4 orc skeletons (D:12)
  12 orc zombies (D:12)
  5 rats
369 creatures vanquished.

Vanquished Creatures (collateral kills)
  A black bear (D:6)
  An iguana (D:6)
  An orc wizard (D:6)
3 creatures vanquished.

Vanquished Creatures (others)
  A manticore (D:13)
1 creature vanquished.

Grand Total: 373 creatures vanquished

Notes
Turn   | Place    | Note
-------+----------+-------------------------------------------
     0 | D:1      | puimuR the Oni Artificer began the quest for the Orb.
     0 | D:1      | Reached XP level 1. HP: 19/19 MP: 1/1
   137 | D:1      | Reached XP level 2. HP: 21/29 MP: 2/2
   385 | D:1      | Reached XP level 3. HP: 35/39 MP: 1/3
   762 | D:2      | Reached skill level 1 in Spellcasting
  1159 | D:2      | Reached XP level 4. HP: 46/48 MP: 5/7
  1177 | D:2      | Found a faded altar of an unknown god.
  1440 | D:3      | Learned a level 1 spell: Magic Dart
  1835 | D:3      | Reached skill level 1 in Conjurations
  1835 | D:3      | Reached XP level 5. HP: 30/54 MP: 1/9
  2053 | D:3      | Noticed an ogre
  2122 | D:4      | You fall into a shaft and drop 1 floor!
  2122 | D:5      | Entered Level 5 of the Dungeon
  2154 | D:5      | Found a transporter.
  2173 | D:5      | Found a transporter.
  2351 | D:5      | Found a runed translucent door.
  2352 | D:5      | Noticed Crazy Yiuf
  2424 | D:5      | Found a stormy altar of Qazlal.
  2551 | D:5      | Reached XP level 6. HP: 56/62 MP: 7/10
  2676 | D:5      | Noticed Grinder
  2687 | D:5      | Paralysed by Grinder for 2 turns
  2698 | D:5      | Paralysed by Grinder for 2 turns
  2708 | D:5      | Killed Grinder
  2709 | D:5      | Reached skill level 5 in Conjurations
  2709 | D:5      | Reached XP level 7. HP: 54/70 MP: 2/11
  2765 | D:5      | Noticed Ijyb
  2768 | D:5      | Killed Ijyb
  2865 | D:4      | Found an opulent altar of Gozag.
  3154 | D:4      | Found a basalt altar of Yredelemnul.
  3438 | D:4      | Learned a level 3 spell: Call Canine Familiar
  3442 | D:4      | Learned a level 3 spell: Passwall
  3445 | D:4      | Learned a level 2 spell: Ensorcelled Hibernation
  3499 | D:4      | Found a white marble altar of Elyvilon.
  3585 | D:4      | Reached skill level 1 in Summonings
  3638 | D:6      | Found a snail-covered altar of Cheibriados.
  3722 | D:6      | Reached XP level 8. HP: 67/78 MP: 5/12
  3804 | D:6      | Identified the +1 pair of gloves of Forking Paths {*Slow
                  | rElec rF+ Int+6}
  3887 | D:6      | Found Awnivier's Book Shoppe.
  4107 | D:6      | Identified the amulet "Warreyd" {Acrobat rElec rN+ Str+3}
  4150 | D:6      | Noticed Menkaure
  4167 | D:6      | Killed Menkaure
  4297 | D:6      | Reached skill level 5 in Summonings
  4305 | D:6      | Found a hide-covered altar of Uskayaw.
  4681 | D:7      | Noticed a wraith
  4808 | D:7      | Found a blossoming altar of Fedhas.
  4903 | D:5      | Killed Crazy Yiuf
  4915 | D:5      | Identified the +9 hammer of Ointment {elec, Dex+4}
  4919 | D:5      | Identified the +5 hammer of Res Judicata {flame, rC+ Str-4
                  | Int+7}
  5032 | D:7      | Reached skill level 1 in Maces & Flails
  5032 | D:7      | Reached XP level 9. HP: 80/85 MP: 11/13
  5089 | D:7      | Reached skill level 5 in Fighting
  5251 | D:8      | Noticed Prince Ribbit
  5256 | D:8      | Killed Prince Ribbit
  5442 | D:7      | Found a staircase to the Ecumenical Temple.
  5451 | Temple   | Entered the Ecumenical Temple
  5456 | Temple   | Became a worshipper of Warmaster Okawaru
  5598 | D:8      | Noticed Gastronok
  5859 | D:5      | Reached skill level 1 in Axes
  5861 | D:5      | Found an ancient bone altar of Kikubaaqudgha.
  6246 | D:8      | Reached * piety under Okawaru
  6247 | D:8      | Reached skill level 2 in Axes
  6265 | D:9      | Noticed a hornet
  6272 | D:9      | Killed a hornet
  6273 | D:9      | Reached skill level 3 in Axes
  6290 | D:9      | Noticed Grum
  6519 | D:8      | Reached skill level 1 in Invocations
  6519 | D:8      | Reached XP level 10. HP: 95/106 MP: 12/14
  6594 | D:8      | Reached skill level 4 in Axes
  6782 | D:8      | Found a bloodstained altar of Trog.
  6794 | D:8      | Found a shimmering blue altar of Sif Muna.
  6803 | D:8      | Got Sif Muna's Book of Arcane Combat
  6810 | D:8      | Learned a level 3 spell: Stone Arrow
  6904 | D:10     | Entered Level 10 of the Dungeon
  6915 | D:10     | Reached ** piety under Okawaru
  6935 | D:11     | Noticed a two-headed ogre
  6936 | D:11     | Noticed a gargoyle
  7071 | D:10     | Reached skill level 1 in Throwing
  7198 | D:10     | Reached skill level 5 in Throwing
  7259 | D:10     | Found a sparkling altar of Nemelex Xobeh.
  7305 | D:10     | Reached skill level 5 in Axes
  7311 | D:10     | Reached skill level 10 in Fighting
  7329 | D:10     | Reached *** piety under Okawaru
  7555 | D:9      | Reached skill level 6 in Axes
  7555 | D:9      | Reached XP level 11. HP: 119/119 MP: 15/15
  7746 | D:9      | Killed Grum
  7848 | D:9      | Identified the +0 leather armour of Shadows and Fog {-Cast
                  | Dex+5 SInv}
  7876 | D:9      | Reached **** piety under Okawaru
  7877 | D:9      | Reached skill level 1 in Shields
  7882 | D:9      | Reached skill level 7 in Axes
  7907 | D:9      | Noticed Amaemon
  7944 | D:9      | Killed Amaemon
  8390 | D:11     | Reached skill level 8 in Axes
  8438 | D:12     | Found a staircase to the Orcish Mines.
  8467 | D:11     | Noticed a manticore
  8644 | D:11     | Killed a manticore
  8647 | D:11     | Noticed Lodul
  8650 | D:11     | Reached ***** piety under Okawaru
  8743 | D:11     | Killed a two-headed ogre
  8744 | D:11     | Reached skill level 5 in Shields
  8799 | D:11     | Reached skill level 9 in Axes
  8853 | D:11     | Reached XP level 12. HP: 130/130 MP: 16/16
  8871 | D:11     | Reached skill level 10 in Axes
  9179 | D:12     | Found Ygrusi's Magic Scroll Emporium.
  9235 | D:12     | Reached skill level 11 in Axes
  9308 | D:11     | Found a staircase to the Lair.
  9354 | D:12     | Received a gift from Okawaru
  9681 | D:13     | Noticed a two-headed ogre
  9694 | D:13     | Killed a two-headed ogre
  9695 | D:13     | Reached skill level 12 in Axes
  9844 | D:13     | Identified the amulet "Qifia" {Acrobat Harm Str+6 Int+3
                  | Dex-5}
  9851 | D:13     | Found a gate to the Vaults.
  9851 | D:13     | Noticed a vault guard
  9851 | D:13     | Noticed a vault guard
  9851 | D:13     | Noticed a vault guard
  9851 | D:13     | Noticed a vault guard
  9851 | D:13     | Noticed a vault guard
  9876 | D:13     | Killed a vault guard
  9877 | D:13     | Reached skill level 1 in Armour
  9888 | D:13     | Killed a vault guard
  9893 | D:13     | Noticed a vault guard
  9914 | D:12     | Killed a vault guard
  9914 | D:12     | Received a gift from Okawaru
 10087 | D:13     | Noticed a five-headed hydra
 10252 | D:13     | Killed a vault guard
 10299 | D:12     | Killed a vault guard
 10300 | D:12     | Reached XP level 13. HP: 118/139 MP: 15/17
 10317 | D:13     | Killed a vault guard
 10368 | D:13     | Noticed Josephine
 10389 | D:13     | Killed Josephine
 10390 | D:13     | Reached skill level 13 in Axes
 10462 | D:13     | Received a gift from Okawaru
 10527 | D:13     | Found Uritodgh's Distillery.
 10865 | D:11     | Killed Lodul
 10922 | Orc:1    | Entered Level 1 of the Orcish Mines
 11112 | Orc:2    | Entered Level 2 of the Orcish Mines
 11121 | Orc:1    | Received a gift from Okawaru
 11200 | Orc:1    | Found a radiant altar of Vehumet.
 11295 | Orc:2    | Found a staircase to the Elven Halls.
 11409 | Orc:2    | Found a dark tunnel.
 11417 | Volcano  | Entered a volcano
 11479 | Volcano  | Reached skill level 14 in Axes
 11491 | Volcano  | HP: 2/145 [burnt (13)]
 11493 | Volcano  | Incinerated by a deep elf pyromancer

Illustrated notes

Levels and vault maps discovered:
D:1:      scummos_arrival_hexagon, layout_rooms
D:2:      layout_basic, ebering_ecumenical_altar_hall
D:3:      layout_loops_corners
D:4:      layout_gridville, lemuel_tele_altar, lemuel_coloured_pillars_altar,
          yredelemnul_altar_generic, chequers_serial_rivers_room_a, minivault_19
D:5:      gammafunk_steamed_eel, layout_gridville,
          lemuel_mausoleum_altar_kikubaaqudgha,
          nicolae_qazlal_general_emergency, nicolae_ossuary_entry_monument,
          uniq_grinder, uniq_ijyb, uniq_crazy_yiuf_cottage
D:6:      layout_basic, mainiacjoe_overflow_concentric_impassable,
          cheibriados_altar_1, kennysheep_windowed_goal, uniq_menkaure
D:7:      layout_loops_ring, mainiacjoe_overflow_surrounded_room,
          minmay_temple_entry_waves, serial_bayou_pond_c
D:8:      layout_layer_cave, nzn_overflow_gifts_of_might_and_magic,
          st_stairs_13, kb_lookout_dungeons_type, uniq_gastronok,
          uniq_prince_ribbit1
D:9:      layout_irregular_city, uniq_grum, uniq_amaemon
D:10:     layout_basic, general_overflow_altar, grunt_ministairs_4
D:11:     layout_loops_ring, lair_entry_dummy, uniq_lodul
D:12:     layout_big_octagon, zombieorc2_lemuel, serial_shops, shop,
          hangedman_decor_riveting
D:13:     layout_roguey, erik_vaults_2, serial_shops,
          nicolae_shop_advertising_works [nicolae_subvault_shop_adworks],
          lightli_corner_chamber, uniq_josephine
Temple:   minmay_freezing_vapour_temple
Orc:1:    layout_caves, basic_altar
Orc:2:    grunt_orc_tribal_feast, layout_diamond_mine,
          lightli_volcano_entry_magma_tube, einodemon_barbed_minivault
Volcano:  hellmonk_pyromancer_palace

Skill      XL: |  1  2  3  4  5  6  7  8  9 10 11 12 13 |
---------------+----------------------------------------+-----
Fighting       | 2 3 4 8 10 11 13 | 13.7
Spellcasting   | 2 |  2.9
Conjurations   | 1 3 5 6 |  6.6
Summonings     | 1 6 |  6.0
Maces & Flails | 1 4 |  4.0
Axes           | 3 6 9 12 14 | 14.0
Invocations    | 1 3 |  3.7
Throwing       | 5 |  5.2
Shields        | 5 |  5.0
Armour         | 3 |  3.1
Dodging        | 4 |  4.0
Stealth        | |  0.6
Evocations     | |  2.4

Action                     |  1- 3 |  4- 6 |  7- 9 | 10-12 | 13-15 || total
---------------------------+-------+-------+-------+-------+-------++-------
  Melee: Dagger            |   162 |    90 |     4 |       |       ||   256
         Club              |     7 |       |       |       |       ||     7
         Headbutt          |    22 |    29 |    43 |   161 |    61 ||   316
         Punch             |     1 |       |       |     4 |       ||     5
         Staff             |       |     1 |     7 |       |       ||     8
         Mace              |       |    50 |   223 |   382 |       ||   655
         War axe           |       |       |       |    16 |    67 ||    83
         Demon whip        |       |       |       |   231 |   168 ||   399
  Throw: Stone             |     5 |     4 |       |       |       ||     9
         Dart              |       |     4 |       |    11 |       ||    15
         Boomerang         |       |     1 |       |     2 |       ||     3
         Javelin           |       |       |       |     3 |       ||     3
         Large rock        |       |       |       |    15 |     7 ||    22
         Throwing net      |       |       |       |     1 |       ||     1
   Cast: Magic Dart        |       |    67 |    98 |     9 |       ||   174
         Call Canine Famil |       |       |     8 |       |       ||     8
         Ensorcelled Hiber |       |       |     1 |       |       ||     1
 Invoke: Heroism           |       |       |       |    15 |     4 ||    19
  Evoke: Wand              |     1 |    14 |    11 |     8 |     4 ||    38
    Use: Scroll            |       |     8 |     4 |     3 |     3 ||    18
         Potion            |       |       |       |     1 |     1 ||     2
   Stab: Sleeping          |     2 |       |     4 |       |       ||     6
         Paralysed         |       |       |    12 |     3 |       ||    15
         Held in net/web   |       |       |       |     1 |       ||     1
 Armour: Robe              |    81 |    92 |   254 |    10 |       ||   437
         Troll leather arm |       |       |       |   329 |   117 ||   446
  Dodge: Dodged            |    60 |    75 |   146 |   123 |    52 ||   456
  Block: Other             |       |       |       |    12 |       ||    12
         Kite shield       |       |       |       |   264 |   158 ||   422
         Reflection        |       |       |       |     2 |     3 ||     5
